 Dungeon Crawl Stone Soup version 0.29-a0-1008-g949cc1d0fb (webtiles) character file.

Game seed: 17450384532861037450

12830 Manisian the Summoner (level 11, -16/64 HPs)
             Began as a Tengu Summoner on Aug 7, 2022.
             Was a Priest of Sif Muna.
             Hit by a large rock thrown by a cyclops (29 damage)
             ... on level 2 of the Orcish Mines.
             The game lasted 00:36:24 (15932 turns).

Manisian the Summoner (Tengu Summoner)             Turns: 15932, Time: 00:36:25

Health: -16/64     AC:  8    Str:  9    XL:     11   Next: 99%
Magic:  9/25       EV: 17    Int: 20    God:    Sif Muna [***...]
Gold:   827        SH:  0    Dex: 14    Spells: 12/28 levels left

rFire   . . .      SeeInvis .   p - +3 halberd (venom)
rCold   + . .      Faith    .   (shield currently unavailable)
rNeg    . . .      Spirit   .   a - +2 robe
rPois   .          Reflect  .   (helmet restricted)
rElec   .          Harm     .   (no cloak)
rCorr   .          Rampage  .   (no gloves)
Will    .....                   (boots unavailable)
Stlth   +++.......              (no amulet)
HPRegen 0.20/turn               e - +4 ring of protection
MPRegen 0.19/turn               m - ring of protection from cold

@: mighty, flying quickly and evasively, quick
A: beak, talons 3, nimble flight
a: Renounce Religion, Channel Magic, Forget Spell


You were on level 2 of the Orcish Mines.
You worshipped Sif Muna.
Sif Muna was most pleased with you.
You visited 3 branches of the dungeon, and saw 12 of its levels.
You also visited: Sewer.

You collected 947 gold pieces.
You spent 120 gold pieces at shops.

Inventory:

Hand Weapons
 p - a +3 halberd of venom (weapon)
Missiles
 u - 3 throwing nets
Armour
 a - a +2 robe (worn)
Jewellery
 e - a +4 ring of protection (left hand)
 h - a ring of fire
 m - a ring of protection from cold (right hand)
 w - a ring of resist corrosion
 B - a ring of willpower
Wands
 f - a wand of charming (25)
 v - a wand of digging (8)
 y - a wand of quicksilver (10)
 D - a wand of roots (21)
Scrolls
 i - 3 scrolls of silence
 x - 4 scrolls of teleportation
Potions
 b - 5 potions of magic
 c - a potion of degeneration {unknown}
 d - 5 potions of might
 g - 2 potions of heal wounds
 j - 2 potions of brilliance
 k - 2 potions of resistance {unknown}
 l - a potion of ambrosia {unknown}
 n - 2 potions of haste
 o - 4 potions of curing
 q - 4 potions of mutation
 r - 4 potions of cancellation
 s - 2 potions of invisibility {unknown}
 t - 2 potions of berserk rage {unknown}
 A - a potion of flight {unknown}
 C - 2 potions of lignification {unknown}
 E - 2 potions of attraction {unknown}


   Skills:
 + Level 5.5 Fighting
 + Level 10.3 Polearms
 + Level 5.5 Dodging
 + Level 6.1 Stealth
 + Level 0.1 Unarmed Combat
 + Level 9.0 Spellcasting
 + Level 2.1 Hexes
 + Level 10.9 Summonings
 + Level 5.8 Air Magic


You had 12 spell levels left.
You knew the following spells:

 Your Spells              Type           Power      Damage    Failure   Level
a - Swiftness             Air            32%        N/A       1%          3
b - Call Imp              Summ           51%        N/A       1%          2
c - Call Canine Familiar  Summ           51%        N/A       1%          3
d - Summon Guardian Gole  Hex/Summ       35%        N/A       1%          3
e - Summon Lightning Spi  Summ/Air       42%        N/A       2%          4
f - Summon Small Mammal   Summ           100%       N/A       1%          1

Your spell library contained the following spells:

 Spells                   Type           Power      Damage    Failure   Level
 Sandblast                Erth           18%        2d7       8%          1
 Ensorcelled Hibernation  Hex/Ice        26%        N/A       8%          2
 Passwall                 Tmut/Erth      7%         N/A       12%         2
 Stone Arrow              Conj/Erth      18%        3d8       22%         3
 Silence                  Hex/Air        12%        N/A       38%         5
 Passage of Golubria      Tloc           9%         N/A       58%         4
 Lehudib's Crystal Spear  Conj/Erth      4%         10d3      100%        8


Dungeon Overview and Level Annotations

Branches:
Dungeon (9/15)             Temple (1/1) D:7            Lair (0/5) D:9
    Orc (2/2) D:9           Sewer (visited)
    Elf: Orc:2

Altars:
Ashenzari
Cheibriados
Dithmenos
Elyvilon
Fedhas
Gozag
Hepliaklqana
Kikubaaqudgha
Makhleb
Nemelex Xobeh
Okawaru
Qazlal
Ru
Sif Muna
Trog
Uskayaw
Vehumet
Wu Jian
Xom
Yredelemnul
Zin
The Shining One

Shops:
D:9 *   Orc:2 *

Annotations:
D:9 2 transporters, ytrimaz's ghost, novice DsBe


Innate Abilities, Weirdness & Mutations

You have a beak for a mouth.
You have claws for feet.
Your magical nature lets you fly swiftly and evasively.


Message History

Your lightning spire shoots out a bolt of lightning at the orc warrior!
The bolt of electricity hits the orc warrior.
You closely miss the orc warrior.
The orc warrior is moderately wounded.
Your lightning spire shoots out a bolt of lightning at the orc warrior!
The bolt of electricity hits the orc warrior!
The orc warrior hits your lightning spire with a +0 scimitar!
Unknown command.
You slash the orc warrior!
You kill the orc warrior!
Sif Muna accepts your kill.
You can now freely open your mind to new spells.
Unknown command.
Casting: Call Imp (safe; 1% risk of failure)
Confirm with . or Enter, or press ? or * to list all spells.
A guardian golem appears, shielding your allies.
Your lightning spire disappears in a puff of smoke!
The cyclops throws a large rock.
The large rock misses you. What are your orders? t - Shout!
Orders for allies: a - Attack new target. r - Retreat! s - Stop attacking. g - Guard the area. f - Follow me.
Anything else - Cancel.
Gang up on whom?
Press: ? - help, Dir - move target, f - cyclops
Aim: a cyclops, quivering large rocks (ally target) Attack!
Casting: Summon Guardian Golem (safe; 1% risk of failure)
Confirm with . or Enter, or press ? or * to list all spells.
An electric hum fills the air.
The cyclops throws a large rock.
The large rock hits your guardian golem!!
Your guardian golem overheats!
The cyclops throws a large rock.
The large rock hits you!!
* * * LOW HITPOINT WARNING * * *
Your lightning spire is engulfed in blazing flames.
Your lightning spire shoots out a bolt of lightning at the cyclops!
The bolt of electricity hits the cyclops!!
The cyclops throws a large rock.
The large rock hits you!!
You die...

................#
.............C......#
.....................#
.....................#
.....................#
.........9..........#
#..................#
#....)...........#
##.§)@.8§.....###.#
#...[)°.)..#### #.#
##.§§[°#°### #.# #####
#.[....## #.#
##.#..####[[[.## #.#
........###...#.###
#.#
#..#......###.#....##
#o##
#..........#........#
#oC##
##..#.............#.##
#...##


You could see a cyclops (ally target), a friendly guardian golem (summoned,
inner flame) and a friendly lightning spire (summoned, sheltered).

Vanquished Creatures
  An orc knight (Orc:2)
  A kobold demonologist (D:9)
  2 trolls
  A shadow (D:9)
  A wyvern (D:8)
  5 yaks
  A steam dragon (D:9)
  A water moccasin (D:6)
  A black bear (D:6)
  3 ogres
  An ice beast (D:6)
  5 orc warriors
  A centaur (D:6)
  2 phantoms
  A bullfrog (D:8)
  3 kobold brigands
  2 necrophages (D:6)
  A gnoll sergeant (D:7)
  5 scorpions
  3 wights (D:7)
  A troll zombie (D:9)
  3 killer bees (D:7)
  2 howler monkeys
  3 hounds
  A gnoll bouda (D:5)
  2 jellies
  2 orc priests (Orc:2)
  An orc wizard (Orc:2)
  2 ogre zombies (D:9)
  5 adders
  5 gnolls
  A river rat (D:5)
  A white imp (D:7)
  An ufetubus (D:7)
  15 orcs
  3 endoplasms (Sewer)
  A giant cockroach (D:5)
  11 kobolds
  A quokka (D:5)
  2 ball pythons (Sewer)
  2 bats (Sewer)
  2 frilled lizards (Sewer)
  A goblin zombie (D:9)
  A hobgoblin zombie (D:9)
  An orc skeleton (D:9)
  8 orc zombies (D:9)
  2 rats
121 creatures vanquished.

Vanquished Creatures (collateral kills)
  Harold (Orc:1)
  Erica (D:8)
  Maggie (D:7)
  2 trolls
  A wraith (D:9)
  A yak (D:5)
  2 steam dragons (D:8)
  A warg (Orc:1)
  A water moccasin (D:7)
  3 ice beasts
  7 orc warriors
  A black bear (D:6)
  2 wolves
  2 ogres
  2 phantoms
  2 centaurs (D:8)
  4 wights (D:7)
  2 electric eels (D:9)
  2 howler monkeys
  5 orc priests
  5 hounds
  A gnoll bouda (D:8)
  An iguana (D:5)
  6 orc wizards
  2 ogre zombies (D:9)
  Robin (D:2)
  11 gnolls
  An adder (D:4)
  A worm (D:2)
  2 dart slugs (D:4)
  26 orcs
  13 endoplasms
  4 giant cockroaches
  13 goblins
  6 hobgoblins
  A quokka (D:5)
  6 ball pythons
  7 bats
  6 frilled lizards
  A hobgoblin skeleton (D:9)
  6 kobolds
  An orc skeleton (D:9)
  3 orc zombies (D:9)
  6 rats
173 creatures vanquished.

Vanquished Creatures (others)
  An orc knight (Orc:1)
  A cyclops (Orc:1)
  A troll (Orc:1)
  2 shadows (D:9)
  2 yaks (D:5)
  A wyvern (D:4)
  2 orc warriors (Orc:2)
  A scorpion (D:5)
  2 wights (D:7)
  A troll zombie (D:9)
  2 orc priests (Orc:2)
  3 gnolls (D:4)
  2 orcs
  An orc zombie (D:9)
  A fungus (Sewer)
  4 plants
27 creatures vanquished.

Grand Total: 321 creatures vanquished

Notes
Turn   | Place    | Note
-------+----------+-------------------------------------------
     0 | D:1      | Manisian the Tengu Summoner began the quest for the Orb.
     0 | D:1      | Reached XP level 1. HP: 10/10 MP: 4/4
   177 | D:1      | Reached skill level 5 in Summonings
   484 | D:1      | Reached XP level 2. HP: 15/15 MP: 6/6
   488 | D:1      | Found a faded altar of an unknown god.
   496 | D:1      | Learned a level 2 spell: Call Imp
  1263 | D:1      | Reached XP level 3. HP: 18/19 MP: 4/7
  1267 | D:1      | Learned a level 3 spell: Call Canine Familiar
  1540 | D:2      | Noticed Robin
  1544 | D:2      | Killed Robin
  1744 | D:2      | Reached XP level 4. HP: 24/24 MP: 7/9
  1834 | D:2      | Found a white marble altar of Elyvilon.
  3389 | D:4      | Noticed an ogre
  3405 | D:4      | Killed an ogre
  3406 | D:4      | Gained mutation: Your magical nature lets you fly swiftly
                  | and evasively. [Tengu growth]
  3406 | D:4      | Reached XP level 5. HP: 28/28 MP: 4/11
  3424 | D:4      | Learned a level 3 spell: Summon Guardian Golem
  3588 | D:4      | Noticed a wyvern
  3593 | D:4      | Killed a wyvern
  3594 | D:4      | Reached XP level 6. HP: 33/33 MP: 8/13
  3599 | D:4      | Learned a level 4 spell: Summon Lightning Spire
  3803 | D:4      | Found a blossoming altar of Fedhas.
  4058 | D:4      | Found a white marble altar of Elyvilon.
  4371 | D:5      | Entered Level 5 of the Dungeon
  4379 | D:5      | Noticed an ice beast
  4404 | D:5      | Reached XP level 7. HP: 14/37 MP: 7/14
  4416 | D:5      | Noticed a yak
  4436 | D:5      | Reached skill level 5 in Spellcasting
  4670 | D:5      | Noticed a yak
  4866 | D:5      | Found a radiant altar of Vehumet.
  4929 | D:5      | Found a stormy altar of Qazlal.
  4950 | D:5      | Reached XP level 8. HP: 22/42 MP: 17/17
  4977 | D:5      | Found a glowing drain.
  4981 | Sewer    | Entered a sewer
  5289 | Sewer    | Reached skill level 1 in Polearms
  5516 | D:5      | Reached skill level 1 in Fighting
  5792 | D:5      | Noticed a yak
  5793 | D:5      | Noticed a yak
  5793 | D:5      | Noticed a yak
  5800 | D:5      | Killed a yak
  5803 | D:5      | Killed a yak
  5803 | D:5      | Killed a yak
  5803 | D:5      | Killed a yak
  5804 | D:5      | Reached skill level 5 in Polearms
  5804 | D:5      | Reached XP level 9. HP: 31/50 MP: 10/19
  5824 | D:5      | Found a burning altar of Makhleb.
  6027 | D:5      | Found a hazy altar of Hepliaklqana.
  7377 | D:6      | Reached skill level 1 in Air Magic
  7660 | D:6      | Found an iron altar of Okawaru.
  8315 | D:7      | Reached skill level 5 in Stealth
  8315 | D:7      | Reached XP level 10. HP: 21/58 MP: 12/20
  8546 | D:7      | You are sucked into a shaft and drop 1 floor!
  8561 | D:8      | Noticed Erica
  8576 | D:8      | Killed Erica
  8751 | D:8      | Reached skill level 1 in Hexes
  9174 | D:8      | Identified the +10 plate armour of Shadows and Fog {Drain
                  | rC- MP+9 Int+2 Slay+2}
  9649 | D:8      | Learned a level 3 spell: Swiftness
  9923 | D:7      | Found a basalt altar of Yredelemnul.
  9925 | D:7      | Noticed a profane servitor
 10062 | D:7      | Found a staircase to the Ecumenical Temple.
 10119 | D:7      | Noticed Maggie
 10136 | D:7      | Killed Maggie
 10560 | D:7      | Found a glowing golden altar of the Shining One.
 11043 | D:7      | Noticed an angel
 11183 | Temple   | Entered the Ecumenical Temple
 11794 | Temple   | Became a worshipper of Sif Muna the Loreminder
 11874 | D:9      | Found a staircase to the Lair.
 12168 | D:8      | Reached XP level 11. HP: 35/62 MP: 13/23
 12469 | D:9      | Reached skill level 5 in Dodging
 12562 | D:9      | Reached skill level 5 in Fighting
 12821 | D:9      | Found a staircase to the Orcish Mines.
 12824 | D:9      | Noticed a sun demon
 12828 | D:9      | Reached * piety under Sif Muna
 12951 | D:9      | HP: 1/63 [something (26)]
 13315 | D:9      | Found Vecsosak's Assorted Antiques.
 13591 | D:9      | Found a shadowy altar of Dithmenos.
 13624 | D:9      | Noticed a two-headed ogre
 13627 | D:9      | Found a transporter.
 13628 | D:9      | Noticed ytrimaz's ghost (novice DsBe)
 13630 | D:9      | Identified the +7 giant club "Tormentor" {drain, rPois
                  | Will+++ Dex-3}
 13630 | D:9      | Noticed a two-headed ogre
 13631 | D:9      | Noticed a two-headed ogre
 13634 | D:9      | Found a transporter.
 13734 | Orc:1    | Entered Level 1 of the Orcish Mines
 13785 | Orc:1    | Reached skill level 10 in Summonings
 13785 | Orc:1    | Reached skill level 5 in Air Magic
 13873 | Orc:1    | Noticed an orc knight
 13883 | Orc:1    | Killed an orc knight
 13884 | Orc:1    | Noticed a cyclops
 13894 | Orc:1    | Killed a cyclops
 14214 | Orc:1    | Reached ** piety under Sif Muna
 14309 | Orc:1    | Noticed Harold
 14579 | Orc:1    | Killed Harold
 14580 | Orc:1    | Reached skill level 10 in Polearms
 14837 | Orc:2    | Entered Level 2 of the Orcish Mines
 15151 | Orc:2    | Found Yranukk's General Store.
 15532 | Orc:2    | Bought 2 potions of heal wounds for 120 gold pieces
 15550 | Orc:2    | Noticed an orc knight
 15566 | Orc:2    | Killed an orc knight
 15754 | Orc:2    | Noticed a cyclops
 15926 | Orc:2    | Reached *** piety under Sif Muna
 15932 | Orc:2    | Hit by a large rock thrown by a cyclops

Illustrated notes

Levels and vault maps discovered:
D:1:      matt_arrival_spirals, layout_loops_ring,
          hellmonk_ecumenical_altar_blasted
D:2:      layout_loops_ring, basic_altar, uniq_robin
D:3:      layout_loops_ring, corexii_hall_statues_deadend
D:4:      layout_loops_ring, old_standard_altar, mainiacjoe_overflow_paths
D:5:      layout_layer_cave, chequers_temple_overflow_statue_of_worship,
          mainiacjoe_overflow_surrounded_room, gup_sewer_entry_bowl
D:6:      layout_cave_pods, okawaru_metal_pillars_1_2
D:7:      layout_layer_cave, grunt_temple_overflow_holy_war,
          minmay_temple_entry_tees, uniq_maggie
D:8:      layout_cave_pools, dreamdust_princess_corridor, uniq_erica
D:9:      layout_basic, grunt_dithmenos_shadows, erik_lair_island,
          zombieorc1_lemuel, gammafunk_ghost_smash, serial_shops,
          nicolae_shop_overgrown_old_shop
Temple:   hc_temple_tempest_star
Orc:1:    layout_caves, basic_altar, nicolae_orc_flooded_monolith, mines2_david,
          uniq_harold
Orc:2:    st_orc_mages, layout_caves, serial_shops, nicolae_shop_hallway_stairs,
          nicolae_shop_advertising_works [nicolae_subvault_shop_adworks],
          lightli_church_of_beogh

Skill      XL: |  1  2  3  4  5  6  7  8  9 10 11 |
---------------+----------------------------------+-----
Summonings     | 5 6 7 8 9 10 | 10.9
Spellcasting   | 3 4 5 6 7 9 |  9.0
Stealth        | 3 4 5 6 |  6.1
Polearms       | 5 7 9 10 | 10.3
Fighting       | 3 4 5 |  5.5
Dodging        | 3 4 5 |  5.5
Air Magic      | 1 4 5 |  5.8
Hexes          | 1 2 |  2.1
Unarmed Combat | |  0.1

Action                   |  1- 3 |  4- 6 |  7- 9 | 10-12 || total
-------------------------+-------+-------+-------+-------++-------
Melee: Unarmed           |     1 |     3 |     9 |       ||    13
       Halberd           |       |       |   158 |   223 ||   381
       Kick              |       |       |    38 |    51 ||    89
       Peck              |       |       |    19 |    27 ||    46
 Cast: Summon Small Mamm |    39 |    43 |    15 |     9 ||   106
       Call Canine Famil |     2 |     4 |     8 |    20 ||    34
       Call Imp          |     1 |     4 |     9 |    12 ||    26
       Summon Guardian G |       |     4 |     6 |    36 ||    46
       Summon Lightning  |       |       |     4 |    52 ||    56
       Swiftness         |       |       |       |     9 ||     9
  Use: Scroll            |       |     8 |     6 |     7 ||    21
       Potion            |       |       |       |     6 ||     6
 Stab: Distracted        |       |       |     4 |     3 ||     7
       Sleeping          |       |       |     9 |     4 ||    13
Armor: Robe              |     1 |    11 |    39 |    53 ||   104
Dodge: Dodged            |     6 |    49 |   130 |   208 ||   393

Table legend: (Time is in decaauts)
 A = Elapsed time spent in this place.
 B = Non-inter-level travel time spent in this place.
 C = Inter-level travel time spent in this place.
 D = Time resting spent in this place.
 E = Time spent auto-exploring this place.
 F = Levels seen in this place.
 G = Mean time per level.
                   A        B        C        D        E       F      G
               +--------+--------+--------+--------+--------+-----+--------+
         Total |  15350 |  14651 |    699 |   1532 |  10172 |  13 | 1180.8 |
       Dungeon |  12519 |  11973 |    546 |    906 |   8808 |   9 | 1391.0 |
        Temple |    331 |    207 |    124 |      0 |    190 |   1 |  331.0 |
  Orcish Mines |   1974 |   1946 |     28 |    625 |    762 |   2 |  987.0 |
         Sewer |    524 |    524 |      0 |      0 |    410 |   1 |  524.0 |
               +--------+--------+--------+--------+--------+-----+--------+

Top non-repeatable levels by time:
     D:7: 2129 daAuts
     D:5: 1715 daAuts
     D:8: 1636 daAuts
   Orc:1: 1564 daAuts
     D:1: 1454 daAuts
     D:9: 1413 daAuts
     D:4: 1224 daAuts
     D:6: 1103 daAuts
     D:2: 978 daAuts
     D:3: 865 daAuts
   Sewer: 524 daAuts
   Orc:2: 409 daAuts
  Temple: 331 daAuts
